 Dungeon Sprint DCSS version 0.19.5 (webtiles) character file.

1334 Mesmaeker13 the Unseen (level 8, -8/58 HPs)
             Began as a Vampire Assassin on May 5, 2017.
             Was a Believer of Dithmenos.
             Mangled by a soul eater (11 damage)
             ... summoned by an orc high priest
             ... in the Dungeon (Sprint III: "The Ten Rune Challenge").
             The game lasted 00:06:21 (768 turns).

Mesmaeker13 the Unseen (Vampire Assassin)            Turns: 768, Time: 00:06:22

Health: -8/58      AC:  3    Str: 10    XL:     8   Next: 35%
Magic:  8/8        EV: 21    Int: 13    God:    Dithmenos [**....]
Gold:   38         SH:  0    Dex: 18    Spells: 0 memorised, 7 levels left

rFire  . . .     SeeInvis +     a - +2 dagger
rCold  . . .     Gourm    .     c - +0 robe
rNeg   + . .     Faith    .     (no shield)
rPois  .         Spirit   .     (no helmet)
rElec  .         Reflect  .     d - +0 cloak
rCorr  .         Harm     .     (no gloves)
MR     .....     NoTele   +     (no boots)
Stlth  ++++++++..               (no amulet)
                                (no ring)
                                (no ring)

@: wreathed by umbra
A: fangs 3, see invisible, unbreathing, MP-powered wands
a: Bat Form, Shadow Step, Renounce Religion


You were in the Dungeon.
You worshipped Dithmenos.
Dithmenos was pleased with you.
You were not thirsty.

You visited 1 branch You collected 38 gold pieces.

Inventory:

Hand Weapons
 a - a +2 dagger (weapon)
 b - a +0 blowgun
Missiles
 e - 2 poisoned needles
 f - a curare-tipped needle
Armour
 c - a +0 robe (worn)
 d - a +0 cloak (worn)
Wands
 l - a wand of confusion (35/48)
Scrolls
 m - a scroll of blinking
 o - 2 scrolls of holy word
 p - 4 scrolls of identify
 q - 2 scrolls of remove curse
 s - a scroll of torment {unknown}
Potions
 g - 5 potions of blood
 h - 2 potions of curing
 i - 3 potions of heal wounds
 j - a potion of haste
 k - 2 potions of magic
 n - 2 potions of mutation {unknown}
 r - 2 potions of flight {unknown}
 t - a potion of cure mutation {unknown}
Books
 u - a book of Minor Magic

   Spells                             Type                      Level
   a - Magic Dart                     Conjuration                  1
   b - Blink                          Translocation                2
   c - Call Imp                       Summoning                    2
   d - Repel Missiles                 Charms/Air                   2
   e - Slow                           Hexes                        2
   f - Conjure Flame                  Conjuration/Fire             3
   g - Mephitic Cloud                 Conjuration/Poison/Air       3
Miscellaneous
 v - a sack of spiders


   Skills:
 + Level 3.0 Fighting
 - Level 11.4 Short Blades
 - Level 1.5 Throwing
 + Level 11.6 Dodging
 + Level 16.4 Stealth


You had 7 spell levels left.
You didn't know any spells.

Dungeon Overview and Level Annotations

Branches:
Dungeon (1/1)

Altars:
Cheibriados
Dithmenos
Elyvilon
Fedhas
Gozag
Hepliaklqana
Kikubaaqudgha
Makhleb
Nemelex Xobeh
Okawaru
Qazlal
Ru
Sif Muna
Trog
Uskayaw
Vehumet
Xom
Yredelemnul
Zin
The Shining One
Beogh
Jiyva
Lugonu

Annotations:
D Erica


Innate Abilities, Weirdness & Mutations

You have razor-sharp teeth.
You have supernaturally acute eyesight. (SInv)
You can survive without breathing.
You expend magic power (3 MP) to strengthen your wands.


Message History

The orc high priest mumbles some strange prayers to Beogh against you.
Pain shoots through your body!
* * * LOW HITPOINT WARNING * * *
You hit the orc high priest. Your bite misses the orc high priest.
The orc high priest is moderately wounded.
You hit the orc high priest.
The orc high priest is moderately wounded.
The orc high priest hits you with a glaive!
* * * LOW HITPOINT WARNING * * *
You hit the orc high priest but do no damage.
The orc high priest is moderately wounded.
The soul eater closely misses you.
You hit the orc high priest.
The orc high priest is moderately wounded.
The neqoxec gestures.
The shadow imp hits you but does no damage.
You completely miss the orc high priest.
The orc high priest is moderately wounded.
The orc high priest closely misses you. The soul eater hits you!
You die...

▓▓▓▓▓▓ ▓▓▓ ▓▓▓ ▓▓ .'...♣♣♣
♣.############$##$## $ .#.....♣
♣♣.#___#__[#__#$oo#$#o# ##....♣♣♣
♣..#.).#__.#._#$.....oo
.#....≈.♣♣♣♣.###@#'###'##$..ooolo
.#...≈≈.♣..♣.#.3o53((...#.$.ooo.o
.#.)≈≈≈≈..♣♣.'.⌠..5....)#o#
'#..≈≈≈≈≈≈♣..#...######)#$#
)#.≈≈≈≈≈≈....#.⌠.#__#...#o#####
.#.≈≈≈≈≈.....#...#__#...#..≈≈≈+
.#.≈≈≈.......#'###__#..3#§#§§§#
##...........#.))#__#..o3.#§§§#
.............#___#__'.4o#.# @§#


You could see a soul eater, an orc high priest, a neqoxec, a quasit and a shadow
imp.

Vanquished Creatures
  A deep elf mage (D)
  A shadow (D)
  A spatial vortex (D)
  A necrophage (D)
  A water elemental (D)
  A scorpion (D)
  A jelly (D)
  A wizard (D)
  Jessica (D)
  A necromancer (D)
  3 humans (D)
  A kobold demonologist (D)
  2 oozes (D)
  3 orcs (D)
  A rat (D)
20 creatures vanquished.

Vanquished Creatures (others)
  2 draconian scorchers (D)
  6 hellions (D)
  A yaktaur (D)
  A plant (D)
10 creatures vanquished.

Grand Total: 30 creatures vanquished

Notes
Turn   | Place    | Note
-------+----------+-------------------------------------------
     0 | D        | Mesmaeker13 the Vampire Assassin began the quest for the Orb.
     0 | D        | Reached XP level 1. HP: 16/16 MP: 1/1
     4 | D        | Reached skill level 6 in Stealth
    14 | D        | Reached skill level 7 in Stealth
    14 | D        | Reached XP level 2. HP: 16/22 MP: 2/2
    47 | D        | Noticed Jessica
    53 | D        | Killed Jessica
    53 | D        | Reached skill level 8 in Stealth
    53 | D        | Reached XP level 3. HP: 20/27 MP: 3/3
    88 | D        | Killed a hellion
   100 | D        | Killed a hellion
   115 | D        | Killed a yaktaur
   132 | D        | Noticed a scorpion
   132 | D        | Killed a hellion
   136 | D        | Killed a hellion
   140 | D        | Killed a scorpion
   140 | D        | Reached skill level 5 in Short Blades
   140 | D        | Reached skill level 5 in Dodging
   140 | D        | Reached skill level 9 in Stealth
   140 | D        | Reached XP level 4. HP: 33/33 MP: 4/4
   155 | D        | Killed a hellion
   188 | D        | Noticed a water elemental
   191 | D        | Killed a water elemental
   191 | D        | Reached skill level 11 in Stealth
   191 | D        | Reached XP level 5. HP: 38/38 MP: 5/5
   194 | D        | Found a glowing silver altar of Zin.
   194 | D        | Found a glowing golden altar of the Shining One.
   194 | D        | Found a white marble altar of Elyvilon.
   195 | D        | Noticed a deep elf mage
   197 | D        | Killed a deep elf mage
   197 | D        | Reached skill level 10 in Short Blades
   197 | D        | Reached skill level 14 in Stealth
   197 | D        | Reached XP level 6. HP: 44/44 MP: 6/6
   197 | D        | Reached XP level 7. HP: 49/49 MP: 7/7
   207 | D        | Found a hide-covered altar of Uskayaw.
   207 | D        | Found a roughly hewn altar of Beogh.
   207 | D        | Found an iron altar of Okawaru.
   207 | D        | Found a bloodstained altar of Trog.
   207 | D        | Noticed a human
   207 | D        | Noticed a human
   253 | D        | Killed a white draconian scorcher
   254 | D        | Killed a hellion
   263 | D        | Killed a human
   263 | D        | Reached skill level 10 in Dodging
   273 | D        | Killed a human
   273 | D        | Reached skill level 15 in Stealth
   326 | D        | Found a basalt altar of Yredelemnul.
   326 | D        | Found a shadowy altar of Dithmenos.
   326 | D        | Found a sacrificial altar of Ru.
   337 | D        | Became a worshipper of Dithmenos the Shadowed
   347 | D        | Noticed a shadow
   349 | D        | Killed a shadow
   349 | D        | Reached XP level 8. HP: 55/55 MP: 8/8
   426 | D        | Killed a white draconian scorcher
   610 | D        | Reached skill level 16 in Stealth
   632 | D        | Found a radiant altar of Vehumet.
   632 | D        | Found a deep blue altar of Sif Muna.
   632 | D        | Found an ancient bone altar of Kikubaaqudgha.
   634 | D        | Reached * piety under Dithmenos
   660 | D        | Found a blossoming altar of Fedhas.
   660 | D        | Found a stormy altar of Qazlal.
   661 | D        | Found a snail-covered altar of Cheibriados.
   661 | D        | Found a burning altar of Makhleb.
   661 | D        | Found a hazy altar of Hepliaklqana.
   661 | D        | Found a shimmering altar of Xom.
   661 | D        | Found an opulent altar of Gozag.
   661 | D        | Found a sparkling altar of Nemelex Xobeh.
   661 | D        | Found a corrupted altar of Lugonu.
   661 | D        | Found a viscous altar of Jiyva.
   662 | D        | Reached ** piety under Dithmenos
   683 | D        | Noticed an orc knight
   684 | D        | Noticed an orc sorcerer
   684 | D        | Noticed an orc high priest
   687 | D        | Noticed Erica
   746 | D        | Noticed an orange demon
   747 | D        | Noticed a soul eater
   763 | D        | Gained mutation: You expend magic power (3 MP) to strengthen your wands. [a neqoxec]
   768 | D        | Mangled by a soul eater

Skill      XL: |  1  2  3  4  5  6  7  8 |
---------------+-------------------------+-----
Short Blades   | 3 4 5 7 10 11 | 11.4
Dodging        | 2 4 5 6 9 11 | 11.6
Stealth        | 7 8 9 11 14 15 16 | 16.4
Fighting       | 3 |  3.0
Throwing       | |  1.5

Action                   |  1- 3 |  4- 6 |  7- 9 || total
-------------------------+-------+-------+-------++-------
Melee: Dagger            |    17 |     3 |    55 ||    75
       Bite              |     1 |       |     1 ||     2
 Fire: Blowgun           |       |       |    19 ||    19
 Abil: End Transformatio |       |       |     3 ||     3
       Bat Form          |       |       |     3 ||     3
Evoke: Wand              |       |       |     2 ||     2
  Use: Scroll            |       |       |     1 ||     1
       Potion            |       |       |     1 ||     1
 Stab: Sleeping          |     2 |     3 |     6 ||    11
       Confused          |       |       |     1 ||     1
Armor: Robe              |     2 |       |     1 ||     3
Dodge: Dodged            |     6 |       |    30 ||    36
